 Dungeon Crawl Stone Soup version 0.20-a0-1017-gc3250ce (webtiles) character file.

238232 Megalobster the Executioner (level 18, -4/171 HPs)
             Began as a Minotaur Berserker on Apr 15, 2017.
             Was a High Priest of Trog.
             Slain by Polyphemus (13 damage)
             ... on level 3 of the Shoals on Apr 16, 2017.
             The game lasted 05:18:38 (37673 turns).

Megalobster the Executioner (Minotaur Berserker)   Turns: 37673, Time: 05:18:39

Health: -4/171     AC: 33    Str: 32    XL:     18   Next: 99%
Magic:  22/22      EV:  2    Int:  7    God:    Trog [*****.]
Gold:   1583       SH:  0    Dex: 20    Spells: 17/17 levels left

rFire    . . .     SeeInvis .   b - +8 mithril axe "Arga" {speed, MR+}
rCold    + . .     Gourm    +   g - +3 buckler of the Saviour {-Tele rElec rCorr Dex+7}
rNeg     + + +     Faith    .   O - +6 plate armour {MR+}
rPois    ∞         Spirit   .   p - +2 hat
rElec    +         Reflect  .   y - +0 cloak
rCorr    +         Harm     .   T - +1 pair of gloves
MR       +++++     NoTele   +   N - +2 pair of boots {Fly}
Stlth    ..........             V - amulet of the gourmand
Regen    1.4/turn               j - +5 ring of strength
MPRegen  0.2/turn               X - ring "Fieleot" {+Fly rC+ Int+3 Stlth-}

@: exhausted, petrified, flying, regenerating
A: retaliatory headbutt, horns 2
}: 1/15 runes: serpentine
a: Berserk, Trog's Hand, Brothers in Arms, Burn Spellbooks, Renounce Religion,
Stop Flying


You were on level 3 of the Shoals.
You worshipped Trog.
Trog was extremely pleased with you.
You were very full.

You visited 6 branches of the dungeon, and saw 31 of its levels.
You also visited: Ossuary.

You collected 4271 gold pieces.
You spent 2688 gold pieces at shops.

Inventory:

Hand Weapons
 a - a +7 executioner's axe of chopping
 b - the +8 mithril axe "Arga" (weapon) {speed, MR+}
   (You bought it in a shop on level 1 of the Shoals)

   Attacks with this weapon are significantly faster.
   It affects your resistance to hostile enchantments.
 Q - a +5 antimagic executioner's axe
Missiles
 e - 8 silver tomahawks
 o - 6 tomahawks
 D - 19 javelins of returning
 G - 18 tomahawks of returning (quivered)
Armour
 d - the +1 pair of boots of the Spheres {rF+ Regen+ Str+4 Dex+2}
   (You acquired it on level 5 of the Lair of Beasts)

   It affects your strength (+4).
   It affects your dexterity (+2).
   It protects you from fire.
   It increases your rate of regeneration.
 g - the +3 buckler of the Saviour (worn) {-Tele rElec rCorr Dex+7}
   (You bought it in a shop on level 2 of the Orcish Mines)

   It affects your dexterity (+7).
   It insulates you from electricity.
   It prevents most forms of teleportation.
   It protects you from acid and corrosion.
 p - a +2 hat (worn)
 y - a +0 cloak (worn)
 N - a +2 pair of boots of flying (worn)
 O - a +6 plate armour of magic resistance (worn)
 T - a +1 pair of gloves (worn)
Jewellery
 j - a +5 ring of strength (left hand)
 V - an amulet of the gourmand (around neck)
 X - the ring "Fieleot" (right hand) {+Fly rC+ Int+3 Stlth-}
   (You found it on level 2 of the Shoals)

   [ring of protection from cold]

   It affects your intelligence (+3).
   It protects you from cold.
   It lets you fly.
   It makes you less stealthy.
Scrolls
 f - 5 scrolls of recharging
 h - 3 scrolls of blinking
 k - 5 scrolls of fog
 n - 6 scrolls of identify
 q - a scroll of enchant weapon
 u - 11 scrolls of teleportation
 A - 2 scrolls of silence
 F - 10 scrolls of remove curse
 L - 3 scrolls of fear
Potions
 m - 5 potions of agility
 t - 2 potions of ambrosia
 w - 10 potions of haste
 x - 3 potions of resistance
 C - 17 potions of curing
 P - 2 potions of invisibility
 S - 3 potions of might
 W - 2 potions of cancellation
Miscellaneous
 i - a box of beasts
 K - a lamp of fire
Comestibles
 c - 18 bread rations
 J - 16 fruits


   Skills:
 + Level 17.7 Fighting
 + Level 22.0 Axes
   Level 2.6 Bows
 + Level 12.1 Throwing
 + Level 15.8 Armour
 + Level 14.8 Dodging
 * Level 6.8 Shields
 - Level 7.2 Evocations


You had 17 spell levels left.
You didn't know any spells.

Dungeon Overview and Level Annotations

Branches:
Dungeon (15/15)            Temple (0/1) D:5            Lair (6/6) D:9
 Shoals (3/4) Lair:3        Snake (4/4) Lair:2        Slime (0/5) Lair:6
    Orc (2/2) D:11            Elf (1/3) Orc:2        Vaults (0/5) D:13
 Depths (0/5) D:15

Altars:
Ashenzari
Fedhas
Hepliaklqana
Makhleb
Nemelex Xobeh
Ru
Trog
Uskayaw
Yredelemnul
Zin
Beogh
Jiyva

Shops:
D:6 !   D:8 !   D:13 ?   Orc:1 :   Orc:2 :[*=(   Elf:1 [(%*(*   Shoals:1 (
Shoals:2 (   Snake:2 *

Portals:
Trove: D:12 (give +4 demon trident)

Annotations:
Shoals:3 Polyphemus


Innate Abilities, Weirdness & Mutations

You reflexively headbutt those who attack you in melee.
You have a pair of horns on your head.


Message History

The death yak gores you.
* * * LOW HITPOINT WARNING * * *
You feel less invigorated.
You feel yourself speed up.
You feel less confused. The sea snake bites you.
* * * LOW HITPOINT WARNING * * *
Polyphemus throws the death yak at you!
* * * LOW HITPOINT WARNING * * *
The catoblepas gores you but does no damage.
The death yak completely misses you.
The sea snake bites you but does no damage.
Polyphemus hits you but does no damage. Polyphemus hits you.
* * * LOW HITPOINT WARNING * * *
The catoblepas gores you!
* * * LOW HITPOINT WARNING * * *
The death yak gores you but does no damage.
The sea snake bites you!
* * * LOW HITPOINT WARNING * * *
Polyphemus hits you!!
You die...

...............###.....≈≈≈≈≈
.(.....≈....)....#.≈....≈≈≈≈
.(^≈.......####.........≈≈≈≈
..(....)...# ##.)≈....≈≈≈≈≈
≈(.((((.).## #...≈≈...≈.≈≈
........).# ##.)........$≈
<...##...## ##....##.......
.).###..## ##.Y.C..##.!.###
≈.≈..#### #..Y@)..≈..###
.....########..Y≈S..≈≈..
............)...≈≈≈.≈≈..#
........≈≈...≈≈≈≈≈≈≈≈≈..#
......≈≈≈≈≈≈≈≈≈≈≈≈≈≈≈≈≈≈.
##...≈≈≈≈≈≈≈≈≈≈≈≈≈≈≈≈≈≈≈
###...≈≈≈≈≈≈≈≈≈≈≈≈..≈≈≈P
.##....≈≈≈≈≈≈≈≈≈≈...≈≈≈.
......≈.≈≈≈≈≈≈≈≈≈≈≈≈≈≈≈


You could see Polyphemus, 2 death yaks, a catoblepas and a sea snake.

Vanquished Creatures
  Nikola (Shoals:3)
  Agnes (Snake:2)
  6 nagarajas
  The ghost of nht the Sharpshooter, an adept KoHu of Okawaru (D:15)
  4 orc warlords (Orc:2)
  A deep elf demonologist (Elf:1)
  3 deep elf high priests (Elf:1)
  2 merfolk impalers
  2 fire dragons
  A vault guard (D:12)
  Harold (Lair:1)
  Erolcha (D:9)
  An ice dragon (D:13)
  A rakshasa (D:15)
  16 naga warriors
  6 hydras
  2 merfolk avatars
  16 anacondas
  3 centaur warriors
  2 satyrs (Shoals:2)
  9 two-headed ogres
  7 dancing weapons (Elf:1)
  4 merfolk aquamancers
  20 naga sharpshooters
  A small abomination (Elf:1)
  3 alligator snapping turtles
  16 death yaks
  An ogre mage (D:15)
  An orc high priest (Orc:2)
  9 shock serpents
  Urug (D:14)
  4 deep elf knights (Elf:1)
  13 sea snakes
  3 salamander mystics
  A fire crab (shapeshifter) (Elf:1)
  4 skeletal warriors (D:14)
  A deep troll (D:13)
  A swamp dragon (Lair:6)
  2 wizards (D:15)
  22 harpies
  25 deep elf magi
  11 naga ritualists
  5 deep elf archers (Elf:1)
  2 necromancers
  8 mana vipers
  5 orc knights
  9 manticores
  5 cyclopes
  Pikel (D:9)
  3 orc sorcerers (Orc:2)
  2 oklob plants (Lair:1)
  14 fauns
  6 salamanders
  17 ugly things
  A wolf spider (D:15)
  4 merfolk sirens
  14 naga magi
  2 torpor snails
  3 water nymphs
  3 guardian serpents
  Maurice (D:12)
  42 black mambas
  3 gargoyles
  12 spiny frogs
  An efreet (D:13)
  5 rime drakes (Lair:6)
  A komodo dragon (shapeshifter) (D:15)
  A kobold demonologist (D:13)
  6 yaktaurs (D:15)
  A redback zombie (D:14)
  5 komodo dragons
  3 meliai (D:14)
  A freezing wraith (D:11)
  5 polar bears
  3 wind drakes
  A queen bee (shapeshifter) (Elf:1)
  A queen bee (D:14)
  4 merfolk
  10 trolls
  4 hornets
  3 snapping turtles
  10 dream sheep
  10 blink frogs
  11 hippogriffs
  A meliai zombie (D:15)
  An air elemental (Elf:1)
  2 shadows
  5 wyverns
  A wraith (D:10)
  39 yaks
  9 water elementals
  2 steam dragons
  5 basilisks
  4 fire elementals (Elf:1)
  3 hungry ghosts
  4 vampire mosquitoes (D:11)
  A redback simulacrum (D:15)
  2 acid dragons (Lair:6)
  49 nagas
  10 water moccasins
  5 wargs (Orc:2)
  2 hell hounds (D:9)
  10 porcupines
  33 orc warriors
  3 ice beasts
  2 black bears
  2 hornet zombies
  4 phantoms
  4 sky beasts
  4 slaves (D:9)
  20 wolves
  17 ogres
  20 centaurs
  8 crocodiles
  A big kobold (D:11)
  29 bullfrogs
  An earth elemental (Elf:1)
  A water moccasin zombie (Ossuary)
  A wyvern zombie (Ossuary)
  A wyvern skeleton (D:10)
  6 scorpions
  14 wights
  32 killer bees
  3 electric eels
  4 howler monkeys
  A vampire bat (Lair:1)
  2 crimson imps
  A quasit (D:15)
  9 centaur zombies
  7 jellies
  4 hounds
  6 centaur skeletons
  10 orc priests
  5 bullfrog zombies
  Crazy Yiuf (D:4)
  Ijyb (D:3)
  9 iguanas
  21 orc wizards
  14 hell rats
  11 worker ants
  4 hound zombies
  A hound skeleton (D:9)
  13 mummies (Ossuary)
  3 worker ant zombies
  7 gnolls
  9 adders
  14 river rats (Lair:3)
  3 shadow imps
  2 adder skeletons
  4 adder zombies (Ossuary)
  2 worms (D:10)
  A dart slug (D:3)
  5 leopard geckos
  87 orcs
  8 giant cockroaches
  4 goblins
  9 hobgoblins
  16 jackals
  11 quokkas
  A ball python (D:4)
  16 bats
  4 frilled lizards
  A giant cockroach zombie (Ossuary)
  2 gnoll zombies (D:9)
  8 kobolds
  A leopard gecko skeleton (D:4)
  A leopard gecko zombie (Ossuary)
  3 quokka zombies
  28 rats
  2 bushes (Lair:4)
  3 crawling corpses (Elf:1)
  3 fungi
  48 plants
  A withered plant (Ossuary)
1270 creatures vanquished.

Vanquished Creatures (collateral kills)
  Nessos (Lair:6)
  A merfolk javelineer (Shoals:2)
  A yaktaur captain (D:11)
  3 hydras
  An alligator snapping turtle (Shoals:2)
  A merfolk aquamancer (Shoals:2)
  A dancing weapon (Elf:1)
  A naga sharpshooter (Snake:4)
  Sonja (D:12)
  A hell knight (D:11)
  2 orc knights (Orc:2)
  An ugly thing (D:11)
  2 deep elf magi (Elf:1)
  A mana viper (Snake:3)
  A cyclops (Orc:2)
  3 black mambas
  A naga mage (Snake:4)
  A water nymph (Shoals:2)
  2 wind drakes (Shoals:2)
  A merfolk (Shoals:3)
  2 dream sheep (Lair:6)
  A blink frog (Lair:3)
  A hippogriff (Shoals:2)
  A shadow (D:11)
  4 yaks (Lair:6)
  A wyvern (Lair:6)
  A hungry ghost (D:11)
  4 nagas (Snake:4)
  A warg (Orc:2)
  3 water moccasins (Lair:6)
  2 orc warriors (Orc:2)
  An eye of draining (D:14)
  A wolf (Lair:6)
  A crocodile (Lair:6)
  A crimson imp (D:11)
  4 orc priests (Orc:2)
  2 orc wizards
  7 orcs
65 creatures vanquished.

Vanquished Creatures (others)
  2 deep elf knights (Elf:1)
  A worker ant zombie (D:4)
  An adder (D:4)
  A river rat (Lair:3)
  A leopard gecko skeleton (D:4)
  2 bushes (Lair:6)
  14 fungi
  20 plants
  3 withered plants (Ossuary)
45 creatures vanquished.

Grand Total: 1380 creatures vanquished

Notes
Turn   | Place    | Note
-------+----------+-------------------------------------------
     0 | D:1      | Megalobster the Minotaur Berserker began the quest for the Orb.
     0 | D:1      | Reached XP level 1. HP: 19/19 MP: 0/0
   153 | D:1      | Reached XP level 2. HP: 13/27 MP: 1/1
   305 | D:1      | Reached skill level 4 in Axes
  1009 | D:2      | Reached XP level 3. HP: 18/33 MP: 2/2
  1255 | D:2      | Reached ** piety under Trog
  1762 | D:2      | Reached skill level 5 in Axes
  1852 | D:2      | Found a bloodstained altar of Trog.
  2146 | D:3      | Reached XP level 4. HP: 41/41 MP: 3/3
  2615 | D:3      | Noticed Ijyb
  2623 | D:3      | Killed Ijyb
  2699 | D:3      | Reached skill level 5 in Fighting
  2877 | D:4      | Noticed an ogre
  2882 | D:4      | Killed an ogre
  2882 | D:4      | Reached skill level 6 in Axes
  2882 | D:4      | Reached XP level 5. HP: 36/48 MP: 4/4
  3343 | D:4      | Found a runed door.
  3347 | D:4      | Noticed Crazy Yiuf
  3354 | D:4      | Killed Crazy Yiuf
  3354 | D:4      | Reached skill level 7 in Axes
  3354 | D:4      | Reached XP level 6. HP: 39/56 MP: 5/5
  3669 | D:4      | You fall through a shaft for 2 floors!
  3675 | D:6      | Reached *** piety under Trog
  3738 | D:6      | Reached skill level 8 in Axes
  3820 | D:6      | Found a sparkling altar of Nemelex Xobeh.
  3848 | D:6      | Reached XP level 7. HP: 63/63 MP: 6/6
  3852 | D:5      | Entered Level 5 of the Dungeon
  3880 | D:4      | Got a jasper-studded ring mail
  3900 | D:4      | Identified the +3 ring mail of Ru's Regard {rPois rF++ Slay-6} (You found it on level 4 of the Dungeon)
  3979 | D:4      | You fall through a shaft for 2 floors!
  4358 | D:5      | Found a staircase to the Ecumenical Temple.
  4580 | D:5      | Reached skill level 9 in Axes
  4867 | D:5      | Found a glowing silver altar of Zin.
  4894 | D:5      | Found a hide-covered altar of Uskayaw.
  5042 | D:6      | Noticed a two-headed ogre
  5049 | D:6      | Killed a two-headed ogre
  5049 | D:6      | Reached skill level 11 in Axes
  5049 | D:6      | Reached XP level 8. HP: 44/74 MP: 7/7
  5262 | D:6      | Found Ikliat's Distillery.
  5270 | D:6      | Bought a potion of flight for 30 gold pieces
  5270 | D:6      | Bought a potion of heal wounds for 50 gold pieces
  5270 | D:6      | Bought a potion of curing for 30 gold pieces
  5270 | D:6      | Bought a potion of curing for 30 gold pieces
  5679 | D:6      | Reached XP level 9. HP: 69/82 MP: 8/8
  6001 | D:7      | Received a gift from Trog
  6024 | D:7      | Reached skill level 1 in Bows
  6509 | D:8      | Reached skill level 12 in Axes
  6576 | D:8      | Found Hicsoq's Distillery.
  6630 | D:8      | Found a blossoming altar of Fedhas.
  6810 | D:8      | Reached **** piety under Trog
  6879 | D:8      | Found a sand-covered staircase.
  6886 | Ossuary  | Entered an ossuary
  7002 | Ossuary  | Reached skill level 5 in Armour
  7152 | Ossuary  | Reached XP level 10. HP: 73/92 MP: 9/9
  7245 | Ossuary  | Reached skill level 5 in Dodging
  7762 | D:9      | Found a staircase to the Lair.
  7830 | D:9      | Noticed Pikel
  7845 | D:9      | Killed Pikel
  7845 | D:9      | Reached skill level 10 in Fighting
  7845 | D:9      | Reached skill level 13 in Axes
  7861 | D:9      | Noticed Erolcha
  7867 | D:9      | Killed Erolcha
  8297 | D:9      | Reached ***** piety under Trog
  8302 | D:9      | Found a basalt altar of Yredelemnul.
  8464 | D:10     | Entered Level 10 of the Dungeon
  8539 | D:10     | Paralysed by a hornet for 3 turns
  8974 | D:10     | Noticed a two-headed ogre
  8983 | D:10     | Killed a two-headed ogre
  9113 | D:10     | Reached skill level 14 in Axes
  9391 | D:10     | Reached XP level 11. HP: 90/101 MP: 10/10
  9406 | D:10     | Received a gift from Trog
  9641 | D:10     | Received a gift from Trog
 10088 | D:11     | Noticed a red ugly thing
 10093 | D:11     | Noticed a red ugly thing
 10098 | D:11     | Killed a red ugly thing
 10112 | D:11     | Killed a red ugly thing
 10403 | D:11     | Noticed a cyan ugly thing
 10409 | D:11     | Killed a cyan ugly thing
 10499 | D:11     | Found a staircase to the Orcish Mines.
 10780 | Lair:1   | Entered Level 1 of the Lair of Beasts
 10784 | Lair:1   | Noticed an oklob plant
 10795 | Lair:1   | Noticed an oklob plant
 10806 | Lair:1   | Killed an oklob plant
 10806 | Lair:1   | Reached skill level 15 in Axes
 10807 | Lair:1   | Killed an oklob plant
 10882 | Lair:1   | Noticed Harold
 10894 | Lair:1   | Killed Harold
 11236 | Lair:1   | Received a gift from Trog
 11236 | Lair:1   | Reached XP level 12. HP: 98/112 MP: 11/11
 11901 | Lair:2   | Got a translucent scale mail
 11919 | Lair:2   | Identified the cursed +1 scale mail "Alaer" {Int+2} (You found it on level 2 of the Lair of Beasts)
 11963 | Lair:2   | Found a staircase to the Snake Pit.
 12157 | Lair:2   | Reached skill level 1 in Throwing
 12211 | Lair:2   | Noticed a six-headed hydra
 12222 | Lair:2   | Killed a nine-headed hydra
 12290 | Lair:2   | Reached skill level 16 in Axes
 12370 | Lair:2   | Received a gift from Trog
 13258 | Lair:3   | Found a staircase to the Shoals.
 13391 | Lair:3   | Noticed an eight-headed hydra
 13401 | Lair:3   | Killed a nine-headed hydra
 13514 | Lair:3   | Found a hazy altar of Hepliaklqana.
 13556 | Lair:3   | Reached skill level 10 in Armour
 13971 | Lair:3   | Noticed a seven-headed hydra
 13976 | Lair:3   | Killed an eight-headed hydra
 14589 | Lair:4   | Noticed a death yak
 14597 | Lair:4   | Noticed a death yak
 14597 | Lair:4   | Noticed a death yak
 14597 | Lair:4   | Killed a death yak
 14600 | Lair:4   | Noticed a death yak
 14604 | Lair:4   | Killed a death yak
 14604 | Lair:4   | Killed a death yak
 14604 | Lair:4   | Reached XP level 13. HP: 119/119 MP: 12/12
 14774 | Lair:4   | Reached skill level 17 in Axes
 14844 | Lair:4   | Received a gift from Trog
 15120 | Lair:4   | Noticed Nessos
 15191 | Lair:4   | Received a gift from Trog
 15191 | Lair:4   | Reached skill level 10 in Dodging
 15810 | Lair:5   | Received a gift from Trog
 15810 | Lair:5   | Reached skill level 5 in Throwing
 15977 | Lair:5   | Identified a scroll of acquirement
 15978 | Lair:5   | Got a pair of distressingly furry boots
 15989 | Lair:5   | Identified the +1 pair of boots of the Spheres {rF+ Regen+ Str+4 Dex+2} (You acquired it on level 5 of the Lair of Beasts)
 16245 | Lair:6   | Entered Level 6 of the Lair of Beasts
 16263 | Lair:6   | Reached skill level 18 in Axes
 16274 | Lair:6   | Received a gift from Trog
 16286 | Lair:6   | Killed Nessos
 16286 | Lair:6   | Reached XP level 14. HP: 92/129 MP: 13/13
 17180 | Lair:6   | Found a viscous altar of Jiyva.
 17181 | Lair:6   | Found a staircase to the Slime Pits.
 17451 | D:12     | Noticed Sonja
 17456 | D:12     | Killed Sonja
 17854 | D:11     | Received a gift from Trog
 17996 | D:11     | Received a gift from Trog
 18042 | D:11     | Reached skill level 19 in Axes
 18151 | D:12     | Noticed Maurice
 18157 | D:12     | Killed Maurice
 18274 | D:12     | Found a sacrificial altar of Ru.
 18523 | D:12     | Found a portal to a secret trove of treasure.
 18721 | Orc:1    | Entered Level 1 of the Orcish Mines
 18721 | Orc:1    | Found Keihy's Book Shop.
 18781 | Orc:1    | Received a gift from Trog
 19048 | Orc:2    | Entered Level 2 of the Orcish Mines
 19060 | Orc:2    | Found Hifiqus's Book Boutique.
 19124 | Orc:2    | Noticed an orc warlord
 19188 | Orc:2    | Killed an orc warlord
 19587 | Orc:2    | Upgraded the game from 0.20-a0-1015-g2ec8a95 to 0.20-a0-1017-gc3250ce
 19672 | Orc:2    | Received a gift from Trog
 19678 | Orc:2    | Noticed an orc warlord
 19681 | Orc:2    | Paralysed by an orc sorcerer for 5 turns
 19690 | Orc:2    | Killed an orc warlord
 19690 | Orc:2    | Reached XP level 15. HP: 139/139 MP: 14/14
 20034 | Orc:2    | Found Vorchel's Antique Weapon Shop.
 20159 | Orc:2    | Found Ejasik's General Store.
 20176 | Orc:2    | Found Enen's Jewellery Shop.
 20246 | Orc:2    | Noticed an orc warlord
 20263 | Orc:2    | Killed an orc warlord
 20458 | Orc:2    | Found a roughly hewn altar of Beogh.
 20581 | Orc:2    | Noticed an orc warlord
 20596 | Orc:2    | Killed an orc warlord
 20600 | Orc:2    | Found Fuafophexesm's Antique Armour Emporium.
 20648 | Orc:2    | Found a staircase to the Elven Halls.
 20808 | Orc:2    | Received a gift from Trog
 21009 | Orc:2    | Bought a potion of haste for 110 gold pieces
 21009 | Orc:2    | Bought a scroll of teleportation for 33 gold pieces
 21009 | Orc:2    | Bought a scroll of identify for 22 gold pieces
 21009 | Orc:2    | Bought a scroll of identify for 22 gold pieces
 21009 | Orc:2    | Bought a scroll of identify for 22 gold pieces
 21513 | D:13     | Found Ulaje's Magic Scroll Shoppe.
 21607 | D:13     | Found a gate to the Vaults.
 21641 | D:13     | Bought a scroll of identify for 38 gold pieces
 21641 | D:13     | Bought a scroll of fear for 66 gold pieces
 21641 | D:13     | Bought a scroll of enchant weapon for 142 gold pieces
 21641 | D:13     | Bought a scroll of enchant weapon for 142 gold pieces
 21641 | D:13     | Bought a scroll of identify for 38 gold pieces
 21641 | D:13     | Bought a scroll of identify for 38 gold pieces
 21641 | D:13     | Bought a scroll of identify for 38 gold pieces
 21863 | D:13     | Found a burning altar of Makhleb.
 21904 | D:13     | Received a gift from Trog
 22204 | D:13     | Found a shattered altar of Ashenzari.
 23032 | D:14     | Received a gift from Trog
 23080 | D:14     | Reached skill level 20 in Axes
 23090 | D:14     | Received a gift from Trog
 23180 | D:14     | Received a gift from Trog
 23263 | D:14     | Noticed Urug
 23283 | D:14     | Killed Urug
 23672 | D:14     | Reached skill level 15 in Fighting
 23862 | D:15     | Entered Level 15 of the Dungeon
 23924 | D:15     | Reached skill level 1 in Evocations
 24588 | D:15     | Reached XP level 16. HP: 149/149 MP: 16/16
 24835 | D:15     | Received a gift from Trog
 24982 | D:15     | Found a staircase to the Depths.
 25105 | D:15     | Noticed nht's ghost (adept KoHu)
 25124 | D:15     | Killed nht's ghost
 25605 | Snake:1  | Entered Level 1 of the Snake Pit
 27211 | Snake:2  | Got a pitted lajatang
 27220 | Snake:2  | Noticed Agnes
 27225 | Snake:2  | Killed Agnes
 27285 | Snake:2  | Identified the cursed +0 lajatang "Noatimmued" {venom, +Blink rPois Str-3 SInv} (You found it on level 2 of the Snake Pit)
 27593 | Snake:2  | Received a gift from Trog
 28001 | Snake:2  | Found Duedeg's Assorted Antiques.
 28749 | Snake:3  | Reached skill level 10 in Throwing
 29163 | Snake:3  | Reached XP level 17. HP: 126/158 MP: 19/19
 29752 | Snake:4  | Entered Level 4 of the Snake Pit
 29817 | Snake:4  | Reached skill level 5 in Evocations
 30275 | Snake:4  | Reached skill level 21 in Axes
 31047 | Snake:4  | Received a gift from Trog
 31175 | Snake:4  | Received a gift from Trog
 31811 | Snake:4  | Reached skill level 15 in Armour
 32115 | Snake:4  | Got a serpentine rune of Zot
 32548 | Shoals:1 | Entered Level 1 of the Shoals
 32679 | Shoals:1 | Found Yhet's Antique Weapon Boutique.
 32851 | Shoals:1 | Received a gift from Trog
 32876 | Shoals:1 | Reached XP level 18. HP: 128/168 MP: 21/21
 33251 | Shoals:1 | Received a gift from Trog
 33903 | Shoals:2 | Received a gift from Trog
 34286 | Shoals:2 | Got a twitching steel ring
 34651 | Shoals:2 | Identified the ring "Fieleot" {+Fly rC+ Int+3 Stlth-} (You found it on level 2 of the Shoals)
 34833 | Shoals:2 | Found Ucuuq's Weapon Boutique.
 35006 | Shoals:1 | Bought the +8 mithril axe "Arga" {speed, MR+} for 1615 gold pieces
 35241 | Orc:2    | Bought a steaming buckler for 199 gold pieces
 35251 | Orc:2    | Identified the +3 buckler of the Saviour {-Tele rElec rCorr Dex+7} (You bought it in a shop on level 2 of the Orcish Mines)
 35263 | Elf:1    | Entered Level 1 of the Elven Halls
 35274 | Elf:1    | Reached skill level 1 in Shields
 35279 | Elf:1    | Received a gift from Trog
 35363 | Elf:1    | Received a gift from Trog
 35375 | Elf:1    | Noticed an Ice Fiend
 35395 | Elf:1    | Received a gift from Trog
 35866 | Elf:1    | Found Sydomyrop's Antique Armour Shop.
 35991 | Elf:1    | Reached skill level 5 in Shields
 36008 | Elf:1    | Got a wavering wooden ring
 36126 | Elf:1    | Identified the ring of Vodol {*Tele +Blink rC- Stlth+} (You took it off a deep elf knight on level 1 of the Elven Halls)
 36155 | Elf:1    | Found Juath's Food Shoppe.
 36211 | Elf:1    | Found Imeam's Antique Weapon Boutique.
 36222 | Elf:1    | Found Tiobyas's Antique Weapon Emporium.
 36230 | Elf:1    | Found Ucrasi's Assorted Antiques.
 36523 | Elf:1    | Found Ugyro's Assorted Antiques.
 36640 | Elf:1    | Bought a scroll labeled JICEEN WIGEC for 23 gold pieces
 37050 | Shoals:3 | Received a gift from Trog
 37054 | Shoals:3 | Reached skill level 22 in Axes
 37628 | Shoals:3 | Noticed Nikola
 37644 | Shoals:3 | Noticed Polyphemus
 37644 | Shoals:3 | Killed Nikola
 37672 | Shoals:3 | HP: 7/171 [sea snake (5)]
 37673 | Shoals:3 | Slain by Polyphemus

Vault maps used:
D:1:      shiori_arrival_maze, minmay_misc_feat_room, st_stairs_12
D:2:      trog_book
D:3:      uniq_iyjb
D:4:      serial_park_tiny_pond, lemuel_flame_loot_1, uniq_crazy_yiuf_cottage
D:5:      eat_drink_and_be_merry_uskayaw, kennysheep_mini,
          minmay_temple_entry_glass, first_bread
D:6:      serial_shops, shop_fountains, st_stairs_1, nemelex_spade_bored_becter
D:8:      marbit_many_paths, enter_ossuary_1, serial_shops, nicolae_shop_crystal
D:9:      lemuel_zombie_altar_yredelemnul, minmay_lair_entry_lava, uniq_erolcha,
          uniq_pikel
D:10:     hangedman_pestilent_swarm, kennysheep_big_empty_room,
          nrook_guardian_serpent_ordinary
D:11:     minmay_klotski
D:12:     enter_trove_5, lemuel_statue_altar, uniq_maurice, uniq_sonja
D:13:     david_vaults_4, serial_shops, shop, basic_altar,
          makhleb_altar_promises_db
D:14:     special_room, minmay_misc_feat_ornament,
          minmay_misc_feat_more_columns, uniq_urug
D:15:     grunt_enter_depths_magical_seal, bh_walls_and_bars
Lair:1:   roderic_batcave, serial_bayou_lagoon_a, serial_bayou_shore_a,
          minmay_lair_oklob_chamber, uniq_harold
Lair:2:   minmay_snake_entry_spellcaster, columned_hall_lemuel,
          infiniplex_staircase_pool
Lair:3:   lemuel_ratsnest, elwin_shoals_entry_rocks, basic_altar, st_stairs_5,
          beast_lair_carwin_5, serial_bayou_shore_b
Lair:4:   serial_forest, infiniplex_forest_zigzag_2, infiniplex_forest_lined_1,
          infiniplex_forest_end_1, infiniplex_forest_clump_curved,
          infiniplex_forest_clump_long, infiniplex_forest_straight_4,
          infiniplex_forest_lined_room_3, infiniplex_forest_end_1,
          serial_bayou_pond_e, beast_lair_carwin_6, uniq_nessos
Lair:6:   guppyfry_lair_end_dragon, dpeg_slime_entry_enclosed_altar,
          hangedman_lair_generics_rect
Shoals:1: serial_shops, shop_fountains
Shoals:2: cheibrodos_shoals_epimethial_gifts, serial_shops, shop
Shoals:3: uniq_polyphemus, uniq_nikola
Snake:2:  serial_shops, nicolae_shop_overgrown_old_shop, st_stairs_7,
          hangedman_snake_pattern, uniq_agnes
Snake:4:  minmay_snake_end_coiled, lemuel_fruit_tree
Orc:1:    serial_shops, shop
Orc:2:    grunt_orc_gardens, grunt_orc_garden, grunt_orc_garden,
          grunt_orc_garden, grunt_orc_garden, serial_shops, shop,
          minmay_orc_temple_b
Elf:1:    serial_shops, nicolae_shop_temple_entry_statues_fountains,
          nicolae_shop_window_shopping, nicolae_shop_behind_doors,
          nicolae_shop_overgrown_old_shop, shop, orc_legates,
          minmay_shop_grid_forest, minivault_28
Ossuary:  ossuary_zaba_flooded

Skill      XL: |  1  2  3  4  5  6  7  8  9 10 11 12 13 14 15 16 17 18 |
---------------+-------------------------------------------------------+-----
Fighting       | 4 5 6 8 9 10 12 13 14 15 16 17 | 17.7
Axes           | 4 5 6 7 8 11 12 14 15 16 18 19 20 21 22 | 22.0
Armour         | 3 5 7 9 10 11 12 13 14 15 | 15.8
Dodging        | 3 4 6 8 9 10 11 12 13 14 | 14.8
Bows           | 2 |  2.6
Throwing       | 3 5 7 8 10 11 12 | 12.1
Evocations     | 1 4 6 7 |  7.2
Shields        | 6 |  6.8

Action                   |  1- 3 |  4- 6 |  7- 9 | 10-12 | 13-15 | 16-18 || total
-------------------------+-------+-------+-------+-------+-------+-------++-------
Melee: Hand axe          |    97 |   106 |   185 |       |       |       ||   388
       Headbutt          |    13 |    15 |    56 |   118 |   211 |   241 ||   654
       Battleaxe         |       |       |   102 |   499 |   820 |   546 ||  1967
       War axe           |       |       |     7 |       |       |       ||     7
       Executioner's axe |       |       |       |       |       |   178 ||   178
       Broad axe         |       |       |       |       |       |   166 ||   166
 Fire: Shortbow          |       |       |     8 |    41 |    13 |       ||    62
       Longbow           |       |       |       |       |     7 |       ||     7
Throw: Stone             |       |       |    35 |    21 |       |       ||    56
       Tomahawk          |       |       |       |     5 |    49 |    97 ||   151
       Javelin           |       |       |       |       |    27 |    68 ||    95
Invok: Berserk           |     1 |     3 |     7 |    14 |    25 |    28 ||    78
       Burn Spellbooks   |       |     1 |       |     1 |     1 |     4 ||     7
       Trog's Hand       |       |     1 |     1 |     3 |    11 |    23 ||    39
       Brothers in Arms  |       |       |       |     2 |    10 |     7 ||    19
Evoke: Wand              |       |       |       |       |       |     5 ||     5
  Use: Potion            |       |     2 |       |     1 |     5 |     5 ||    13
       Scroll            |       |       |    11 |    14 |    11 |    21 ||    57
 Stab: Distracted        |       |       |       |     1 |       |     1 ||     2
  Eat: Bread ration      |     1 |     1 |     2 |     1 |     2 |       ||     7
       Chunk             |       |     1 |     1 |    47 |    59 |    48 ||   156
       Meat ration       |       |     1 |     2 |       |       |     1 ||     4
       Royal jelly       |       |       |       |       |     3 |    15 ||    18
       Fruit             |       |       |       |       |       |     6 ||     6
Armor: Animal skin       |    23 |     6 |       |       |       |       ||    29
       Ring mail         |       |    13 |    79 |    79 |       |       ||   171
       Plate armour      |       |       |       |    68 |   137 |   245 ||   450
       Scale mail        |       |       |       |    40 |   182 |       ||   222
       Chain mail        |       |       |       |       |       |   222 ||   222
Dodge: Dodged            |    74 |    49 |   135 |   259 |   605 |   630 ||  1752
Block: Buckler           |       |       |       |       |       |    50 ||    50
